 Dungeon Crawl Stone Soup version 0.30-a0-709-gcdc1b43e22 (webtiles) character file.

Game seed: 6736720537855465403

25 Alitron123 the Trooper (level 3, 0/36 HPs)
             Began as a Gargoyle Berserker on Jan 22, 2023.
             Was a Follower of Trog.
             Slain by a jackal (1 damage)
             ... on level 2 of the Dungeon.
             The game lasted 00:01:31 (926 turns).

Alitron123 the Trooper (Gargoyle Berserker)          Turns: 926, Time: 00:01:32

Health: 0/36       AC:  5    Str: 22    XL:     3   Next: 4%
Magic:  3/3        EV: 12    Int:  7    God:    Trog [*.....]
Gold:   106        SH:  0    Dex:  9    Spells: 2/2 levels left

rFire   . . .      SeeInvis .    a - +0 mace
rCold   . . .      Faith    .    (no shield)
rNeg    + . .      Spirit   .    b - +0 animal skin
rPois   ∞          Reflect  .    (no helmet)
rElec   +          Harm     .    (no cloak)
rCorr   .          Rampage  .    (no gloves)
Will    .....                    (no boots) Stlth
                                 (no amulet)
HPRegen 0.26/turn                (no ring)
MPRegen 0.08/turn                (no ring)

@: berserking, very quick
A: sickness immunity, AC +3, negative energy resistance 1, electricity
resistance, torment resistance 1, petrification resistance
a: Renounce Religion, Berserk


You were on level 2 of the Dungeon.
You worshipped Trog.
Trog was aware of your devotion.
You visited 1 branch of the dungeon, and saw 2 of its levels.

You collected 106 gold pieces.

Inventory:

Hand Weapons
 a - a +0 mace (weapon)
Armour
 b - a +0 animal skin (worn)
Jewellery
 f - a ring of protection from fire
Scrolls
 e - 2 scrolls of identify {unknown}
 i - a scroll of enchant weapon {unknown}
Potions
 c - 3 potions of might {unknown}
 d - a potion of flight {unknown}
 g - a potion of brilliance {unknown}
 h - a potion of attraction {unknown}


   Skills:
 + Level 3.6 Fighting
 + Level 3.4 Maces & Flails
 + Level 2.2 Armour
 + Level 1.9 Dodging
 + Level 0.2 Stealth


You had 2 spell levels left.
You didn't know any spells.
Your spell library was empty.

Dungeon Overview and Level Annotations

Branches:
Dungeon (2/15)

Altars:


Innate Abilities, Weirdness & Mutations

You are immune to sickness and miasma.
Your stone body is resilient. (AC +3)
You are immune to poison.
You resist negative energy. (rN+)
You are resistant to electric shocks. (rElec)
You are resistant to unholy torment.
You are immune to petrification.


Message History

You hit the worm.
The worm is lightly wounded.
The jackal completely misses you.
The jackal bites you but does no damage.
You barely miss the worm.
The worm is lightly wounded.
The jackal closely misses you. The jackal barely misses you.
The worm bites you! The jackal barely misses you.
You hit the worm.
The worm is lightly wounded.
The jackal closely misses you. The jackal completely misses you.
The jackal bites you but does no damage.
The jackal barely misses you. The jackal misses you. The worm bites you!
* * * LOW HITPOINT WARNING * * *
The jackal barely misses you.
You are too injured to fight recklessly!
You are too injured to fight recklessly!
A red film seems to cover your vision as you go berserk!
You feel yourself moving faster!
You feel mighty! The jackal bites you.
* * * LOW HITPOINT WARNING * * *
The jackal bites you but does no damage.
The jackal closely misses you.
You are too injured to fight recklessly!
You are too injured to fight recklessly!
You miss the jackal. The jackal barely misses you. The jackal misses you.
The jackal bites you but does no damage.
The worm closely misses you. The jackal closely misses you. x2
You hit the jackal. Your punch misses the jackal.
The jackal is severely wounded.
The jackal bites you.
* * * LOW HITPOINT WARNING * * *
The jackal closely misses you.
The jackal bites you but does no damage. x2
You barely miss the jackal.
The jackal is severely wounded.
The worm bites you.
* * * LOW HITPOINT WARNING * * *
The jackal bites you but does no damage. x2
The jackal bites you.
You die...

... #......#
#......###......#
#...............########
#...............#.<....#
...............#......#
..........(...#.......
#####...........#.......
....[.w.........'.......
.#.@......###.......
#hhh.....# ########
#...........#
.............#
#.#...######## # #.#.
#.#. #.#.


You could see a worm and 3 jackals.

Vanquished Creatures
  A dart slug (D:1)
  2 bats (D:1)
  5 endoplasms
  2 giant cockroaches (D:1)
  2 goblins (D:1)
  A hobgoblin (D:2)
  A kobold (D:1)
  A quokka (D:1)
  2 ball pythons (D:1)
  A rat (D:1)
18 creatures vanquished.

Notes
Turn   | Place    | Note
-------+----------+-------------------------------------------
     0 | D:1      | Alitron123 the Gargoyle Berserker began the quest for the
                  | Orb.
     0 | D:1      | Reached XP level 1. HP: 14/14 MP: 1/1
   111 | D:1      | Reached XP level 2. HP: 16/19 MP: 2/2
   555 | D:1      | Found a faded altar of an unknown god.
   910 | D:2      | Reached XP level 3. HP: 23/24 MP: 3/3
   926 | D:2      | HP: 1/36 [worm (6)]
   926 | D:2      | Slain by a jackal

Illustrated notes

Levels and vault maps discovered:
D:1:      eino_arrival_druids_welcome, layout_loops_ring,
          basic_ecumenical_altar, minmay_pentomino_w2
D:2:      layout_basic, minivault_5

Action                     || total
---------------------------++-------
  Melee: Mace              ||    77
 Invoke: Berserk           ||     1
 Armour: Animal skin       ||    26
  Dodge: Dodged            ||    64

Table legend: (Time is in decaauts)
 A = Elapsed time spent in this place.
 B = Non-inter-level travel time spent in this place.
 C = Inter-level travel time spent in this place.
 D = Time resting spent in this place.
 E = Time spent auto-exploring this place.
 F = Levels seen in this place.
 G = Mean time per level.
                   A        B        C        D        E       F      G
               +--------+--------+--------+--------+--------+-----+--------+
         Total |    942 |    930 |     12 |      0 |    764 |   2 |  471.0 |
       Dungeon |    942 |    930 |     12 |      0 |    764 |   2 |  471.0 |
               +--------+--------+--------+--------+--------+-----+--------+

Top non-repeatable levels by time:
     D:1: 905 daAuts
     D:2: 37 daAuts
